NYP
WEST VIRGINIA BLACK BEARS @ LOS ANGELES (NYP) DODGERS
09/18/2047
 
TOP OF THE 1ST
West Virginia Black Bears batting - Pitching for Los Angeles (NYP) Dodgers : LHP Nate Tate
Pitching: LHP Nate Tate
Batting: RHB Ken Manser 0-0: Called Strike
0-1: Ball
1-1: Ball
2-1: Bunted foul
2-2: Fly out, F7 (Flyball, 78D, EV 85.0 MPH)
Batting: LHB Ruben Garza 0-0: Called Strike
0-1: Foul Ball, location: 2F
0-2: Fly out, F7 (Flyball, 78M, EV 76.2 MPH)
Batting: LHB Joe Wise 0-0: Ball
1-0: Ball
2-0: Ball
3-0: Called Strike
3-1: Foul Ball, location: 2F
3-2: SINGLE (Groundball, 13S, EV 75.0 MPH) (infield hit)
Batting: RHB Killian Jones 0-0: Ball
1-0: Swinging Strike
1-1: Ball
2-1: Swinging Strike
2-2: Strikes out swinging
Top of the 1st over - 0 runs, 1 hit, 0 errors, 1 left on base; West Virginia 0 - Los Angeles (NYP) 0
BOTTOM OF THE 1ST
Los Angeles (NYP) Dodgers batting - Pitching for West Virginia Black Bears : RHP Fred McIlrath
Pitching: RHP Fred McIlrath
Batting: RHB Kekoa Kahele 0-0: Called Strike
0-1: Ball
1-1: Foul Ball, location: 2F
1-2: Ball
2-2: Foul Ball, location: 2F
2-2: Ground out 4-3 (Groundball, 4, EV 93.1 MPH)
Batting: SHB Guy Jerome 0-0: Ball
1-0: Ball
2-0: Called Strike
2-1: Foul Ball, location: 2F
2-2: Foul Ball, location: 2F
2-2: Strikes out swinging
Batting: LHB Chris Buchan 0-0: Ball
1-0: Ball
2-0: Foul Ball, location: 2F
2-1: Called Strike
2-2: Strikes out swinging
Bottom of the 1st over - 0 runs, 0 hits, 0 errors, 0 left on base; West Virginia 0 - Los Angeles (NYP) 0
TOP OF THE 2ND
West Virginia Black Bears batting - Pitching for Los Angeles (NYP) Dodgers : LHP Nate Tate
Batting: RHB Rick Pittman 0-0: Ball
1-0: Ball
2-0: Reached on error, E1 (Groundball, 13, EV 65.0 MPH)
Batting: RHB Chris Beckham 0-0: Called Strike
0-1: Ball
1-1: SINGLE (Groundball, 4D, EV 99.4 MPH)
Rick Pittman to second
Runner from 2nd tries for 3rd, SAFE, throw by RF made to third
Batting: RHB Tom Tate 0-0: Ball
1-0: Ball
2-0: Called Strike
2-1: Foul Ball, location: 2F
2-2: Foul Ball, location: 2F
2-2: Strikes out swinging
Batting: LHB Joe Hoover 0-0: Called Strike
0-1: Swinging Strike
0-2: SINGLE (Groundball, 4MS, EV 71.2 MPH) (infield hit)
Rick Pittman scores
Chris Beckham to second
Batting: RHB Terrence Wilson 0-0: Ball
1-0: Called Strike
1-1: Ball
Wild Pitch!
Chris Beckham to third
Joe Hoover to second
2-1: SINGLE (Groundball, 6D, EV 108.8 MPH)
Chris Beckham scores
Joe Hoover to third
Throwing error, E8
Joe Hoover scores
Terrence Wilson to second
Batting: RHB Ken Manser 0-0: Called Strike
Terrence Wilson steals 3rd base
0-1: Ball
1-1: Foul Ball, location: 2F
1-2: Fly out, F7 (Flyball, 7D, EV 86.9 MPH)
Runner from 3rd tags up, OUT at HOME! 7-2
Top of the 2nd over - 3 runs, 3 hits, 2 errors, 0 left on base; West Virginia 3 - Los Angeles (NYP) 0
BOTTOM OF THE 2ND
Los Angeles (NYP) Dodgers batting - Pitching for West Virginia Black Bears : RHP Fred McIlrath
Batting: RHB Ruben Serrata 0-0: Swinging Strike
0-1: Ball
1-1: Ball
2-1: DOUBLE (Flyball, 78D, EV 107.5 MPH)
Batting: RHB Javier Solis 0-0: Ground out 6-3 (Groundball, 6, EV 83.1 MPH)
Ruben Serrata to third
Batting: RHB Manny Mendoza 0-0: Ball
1-0: Called Strike
1-1: Ball
2-1: SINGLE (Groundball, 56D, EV 97.5 MPH)
Ruben Serrata scores
Batting: LHB Bobby Gambrell 0-0: Ball
1-0: DOUBLE (Flyball, 78D, EV 103.8 MPH)
Manny Mendoza to third
Batting: RHB Juan Gallegos 0-0: Called Strike
0-1: Ground out 1-3 (Groundball, 15, EV 63.1 MPH)
Batting: LHB Jim Jardine 0-0: Called Strike
0-1: Foul Ball, location: 2F
0-2: Strikes out swinging
Bottom of the 2nd over - 1 run, 3 hits, 0 errors, 2 left on base; West Virginia 3 - Los Angeles (NYP) 1
TOP OF THE 3RD
West Virginia Black Bears batting - Pitching for Los Angeles (NYP) Dodgers : LHP Nate Tate
Batting: LHB Ruben Garza 0-0: Ball
1-0: Ball
2-0: Foul Ball, location: 2F
2-1: Foul Ball, location: 2F
2-2: Strikes out swinging, 2-3 out at first.
Batting: LHB Joe Wise 0-0: Called Strike
0-1: Called Strike
0-2: Ball
1-2: Strikes out swinging
Batting: RHB Killian Jones 0-0: Ball
1-0: Ball
2-0: Foul Ball, location: 2F
2-1: Ball
3-1: Foul Ball, location: 2F
3-2: Ground out 6-3 (Groundball, 6, EV 77.5 MPH)
Top of the 3rd over - 0 runs, 0 hits, 0 errors, 0 left on base; West Virginia 3 - Los Angeles (NYP) 1
BOTTOM OF THE 3RD
Los Angeles (NYP) Dodgers batting - Pitching for West Virginia Black Bears : RHP Fred McIlrath
Batting: RHB Kekoa Kahele 0-0: Fly out, F9 (Line Drive, 9S, EV 92.5 MPH)
Batting: SHB Guy Jerome 0-0: Ball
1-0: Ball
2-0: Called Strike
2-1: Foul Ball, location: 2F
2-2: Strikes out looking
Batting: LHB Chris Buchan 0-0: Called Strike
0-1: Ball
1-1: Swinging Strike
1-2: Strikes out swinging
Bottom of the 3rd over - 0 runs, 0 hits, 0 errors, 0 left on base; West Virginia 3 - Los Angeles (NYP) 1
TOP OF THE 4TH
West Virginia Black Bears batting - Pitching for Los Angeles (NYP) Dodgers : LHP Nate Tate
Batting: RHB Rick Pittman 0-0: Called Strike
0-1: Ball
1-1: Ball
2-1: SINGLE (Flyball, 56D, EV 88.1 MPH)
Batting: RHB Chris Beckham 0-0: Foul Ball, location: 2F
0-1: Foul Ball, location: 2F
0-2: Foul Ball, location: 2F
0-2: Grounds into double play, 4-6-3 (Groundball, 34, EV 83.8 MPH)
Batting: RHB Tom Tate 0-0: Called Strike
0-1: Swinging Strike
0-2: Ball
1-2: Strikes out swinging
Top of the 4th over - 0 runs, 1 hit, 0 errors, 0 left on base; West Virginia 3 - Los Angeles (NYP) 1
BOTTOM OF THE 4TH
Los Angeles (NYP) Dodgers batting - Pitching for West Virginia Black Bears : RHP Fred McIlrath
Batting: RHB Ruben Serrata 0-0: Called Strike
0-1: SINGLE (Groundball, 56D, EV 98.1 MPH)
Batting: RHB Javier Solis 0-0: Called Strike
0-1: Ball
1-1: Called Strike
Ruben Serrata steals 2nd base
1-2: Foul Ball, location: 2F
1-2: Foul Ball, location: 2F
1-2: SINGLE (Groundball, 4MD, EV 108.8 MPH)
Ruben Serrata to third
Runner from 3rd tries for Home, throw by CF and OUT! 8-2
Javier Solis to second
Batting: RHB Manny Mendoza 0-0: Ball
1-0: Ball
Wild Pitch!
Javier Solis to third
2-0: Ball
3-0: Called Strike
3-1: Base on Balls
Batting: LHB Bobby Gambrell 0-0: Swinging Strike
0-1: Swinging Strike
0-2: Ball
1-2: Strikes out swinging
Batting: RHB Juan Gallegos 0-0: Ball
1-0: Ball
2-0: Ball
3-0: Base on Balls
Manny Mendoza to second
Batting: LHB Jim Jardine 0-0: Ball
Wild Pitch!
Javier Solis scores
Manny Mendoza to third
Juan Gallegos to second
1-0: Ball
2-0: Ball
3-0: Foul Ball, location: 2F
3-1: Base on Balls
Batting: RHB Kekoa Kahele 0-0: Fly out, F8 (Flyball, 8RM, EV 78.8 MPH)
Bottom of the 4th over - 1 run, 2 hits, 0 errors, 3 left on base; West Virginia 3 - Los Angeles (NYP) 2
TOP OF THE 5TH
West Virginia Black Bears batting - Pitching for Los Angeles (NYP) Dodgers : LHP Nate Tate
Batting: LHB Joe Hoover 0-0: Ball
1-0: Ball
2-0: SINGLE (Groundball, 34S, EV 71.2 MPH) (infield hit)
Batting: RHB Terrence Wilson 0-0: Ball
1-0: Called Strike
1-1: Foul Ball, location: 2F
1-2: Ball
2-2: Ground out 5-3 (Groundball, 5S, EV 78.1 MPH)
Joe Hoover to second
Batting: RHB Ken Manser 0-0: Ball
1-0: Ball
2-0: Foul Ball, location: 2F
2-1: Ball
3-1: Called Strike
3-2: Strikes out looking
Batting: LHB Ruben Garza 0-0: Fly out, F8 (Line Drive, 8RD, EV 94.4 MPH)
Top of the 5th over - 0 runs, 1 hit, 0 errors, 1 left on base; West Virginia 3 - Los Angeles (NYP) 2
BOTTOM OF THE 5TH
Los Angeles (NYP) Dodgers batting - Pitching for West Virginia Black Bears : RHP Fred McIlrath
Batting: SHB Guy Jerome 0-0: Ball
1-0: Called Strike
1-1: Foul Ball, location: 2F
1-2: Strikes out looking
Batting: LHB Chris Buchan 0-0: Swinging Strike
0-1: Swinging Strike
0-2: Ground out 2-3 (Groundball, 15S, EV 70.0 MPH)
Batting: RHB Ruben Serrata 0-0: Ball
1-0: Ball
2-0: Called Strike
2-1: Ball
3-1: Foul Ball, location: 2F
3-2: Strikes out swinging
Bottom of the 5th over - 0 runs, 0 hits, 0 errors, 0 left on base; West Virginia 3 - Los Angeles (NYP) 2
TOP OF THE 6TH
West Virginia Black Bears batting - Pitching for Los Angeles (NYP) Dodgers : LHP Nate Tate
Batting: LHB Joe Wise 0-0: Called Strike
0-1: Foul Ball, location: 2F
0-2: Strikes out swinging
Batting: RHB Killian Jones 0-0: Called Strike
0-1: Swinging Strike
0-2: Ball
1-2: Ground out 5-3 (Groundball, 56, EV 95.0 MPH)
Batting: RHB Rick Pittman 0-0: Called Strike
0-1: Ball
1-1: Ball
2-1: Ground out 3-1 (Groundball, 34, EV 104.4 MPH)
Top of the 6th over - 0 runs, 0 hits, 0 errors, 0 left on base; West Virginia 3 - Los Angeles (NYP) 2
BOTTOM OF THE 6TH
Los Angeles (NYP) Dodgers batting - Pitching for West Virginia Black Bears : RHP Fred McIlrath
Pitching: RHP Iwao Machida
Batting: RHB Javier Solis 0-0: Ball
1-0: Fly out, F8 (Flyball, 8RM, EV 94.4 MPH)
Batting: RHB Manny Mendoza 0-0: Foul Ball, location: 2F
0-1: Foul Ball, location: 2F
0-2: Hit by Pitch
Batting: LHB Bobby Gambrell 0-0: Fly out, F7 (Flyball, 78XD, EV 93.8 MPH)
Pinch Hitting: LHB Fernão Manta 0-0: Called Strike
0-1: Swinging Strike
0-2: Ball
1-2: Ground out 4-3 (Groundball, 4S, EV 91.2 MPH)
Bottom of the 6th over - 0 runs, 0 hits, 0 errors, 1 left on base; West Virginia 3 - Los Angeles (NYP) 2
TOP OF THE 7TH
West Virginia Black Bears batting - Pitching for Los Angeles (NYP) Dodgers : LHP Nate Tate
Now in LF: Fernão Manta
Now in RF: Kekoa Kahele
Batting: RHB Chris Beckham 0-0: Called Strike
0-1: Ball
1-1: Ball
2-1: Ball
3-1: Foul Ball, location: 2F
3-2: Strikes out swinging
Batting: RHB Tom Tate 0-0: Foul Ball, location: 2F
0-1: Ball
1-1: Ground out 6-3 (Groundball, 6, EV 80.6 MPH)
Batting: LHB Joe Hoover 0-0: Ball
1-0: Called Strike
1-1: Called Strike
1-2: Foul Ball, location: 2F
1-2: Strikes out swinging
Top of the 7th over - 0 runs, 0 hits, 0 errors, 0 left on base; West Virginia 3 - Los Angeles (NYP) 2
BOTTOM OF THE 7TH
Los Angeles (NYP) Dodgers batting - Pitching for West Virginia Black Bears : RHP Iwao Machida
Now at 1B: Tyler West
Batting: LHB Jim Jardine 0-0: Ball
1-0: Swinging Strike
1-1: Ball
2-1: Ball
3-1: Called Strike
3-2: Base on Balls
Pitching: RHP Xavier Stovall
Batting: RHB Kekoa Kahele 0-0: Bunted foul
0-1: Ball
1-1: Sac Bunt to 15S - play at first, batter OUT! 1-3
Jim Jardine to second
Batting: SHB Guy Jerome 0-0: TRIPLE (Flyball, 78XD, EV 98.1 MPH)
Jim Jardine scores
Batting: LHB Chris Buchan 0-0: Called Strike
0-1: Ball
1-1: Called Strike
1-2: Foul Ball, location: 2F
1-2: 2-RUN HOME RUN (Flyball, 89XD, EV 111.2 MPH), Distance : 444 ft
Batting: RHB Ruben Serrata 0-0: Ball
1-0: Ground out 6-3 (Groundball, 6, EV 80.0 MPH)
Batting: RHB Javier Solis 0-0: Ball
1-0: Ball
2-0: Called Strike
2-1: Foul Ball, location: 2F
2-2: Foul Ball, location: 2F
2-2: Ball
3-2: Base on Balls
Pitching: RHP Jon Juarez
Batting: RHB Manny Mendoza 0-0: Ball
1-0: Called Strike
1-1: Ball
2-1: DOUBLE (Flyball, 78D, EV 96.9 MPH)
Javier Solis to third
Batting: LHB Bobby Gambrell 0-0: Ball
1-0: Called Strike
1-1: Swinging Strike
1-2: Ball
2-2: Ball
3-2: Foul Ball, location: 2F
3-2: Base on Balls
Batting: LHB Fernão Manta 0-0: Ball
1-0: Ball
2-0: Called Strike
2-1: Called Strike
2-2: Strikes out swinging
Bottom of the 7th over - 3 runs, 3 hits, 0 errors, 3 left on base; West Virginia 3 - Los Angeles (NYP) 5
TOP OF THE 8TH
West Virginia Black Bears batting - Pitching for Los Angeles (NYP) Dodgers : LHP Nate Tate
Pitching: RHP Chris Rodgers
Batting: RHB Terrence Wilson 0-0: Ball
1-0: Called Strike
1-1: Foul Ball, location: 2F
1-2: Foul Ball, location: 2F
1-2: Foul Ball, location: 2F
1-2: Ball
2-2: Ground out 5-3 (Groundball, 56, EV 78.1 MPH)
Batting: RHB Ken Manser 0-0: Called Strike
0-1: Ball
1-1: Called Strike
1-2: Strikes out swinging
Batting: LHB Ruben Garza 0-0: Ball
1-0: Ball
2-0: Ground out U3 (Groundball, 3, EV 88.1 MPH)
Top of the 8th over - 0 runs, 0 hits, 0 errors, 0 left on base; West Virginia 3 - Los Angeles (NYP) 5
BOTTOM OF THE 8TH
Los Angeles (NYP) Dodgers batting - Pitching for West Virginia Black Bears : RHP Jon Juarez
Batting: LHB Jim Jardine 0-0: Ball
1-0: Foul Ball, location: 2F
1-1: Foul Ball, location: 2F
1-2: Strikes out swinging
Batting: RHB Kekoa Kahele 0-0: Called Strike
0-1: Ball
1-1: Ball
2-1: Ball
3-1: Base on Balls
Batting: SHB Guy Jerome 0-0: Called Strike
Kekoa Kahele steals 2nd, throwing error, E2
Kekoa Kahele to third
0-1: Ball
1-1: DOUBLE (Groundball, 3L, EV 106.9 MPH)
Kekoa Kahele scores
Batting: LHB Chris Buchan 0-0: Intentional Walk
Batting: RHB Ruben Serrata 0-0: Called Strike
0-1: Ball
1-1: Called Strike
1-2: Ball
2-2: Strikes out swinging
Pitching: RHP Perry Mills
Batting: RHB Javier Solis 0-0: Fly out, F4 (Popup, 3D, EV 40.6 MPH)
Bottom of the 8th over - 1 run, 1 hit, 1 error, 2 left on base; West Virginia 3 - Los Angeles (NYP) 6
TOP OF THE 9TH
West Virginia Black Bears batting - Pitching for Los Angeles (NYP) Dodgers : RHP Chris Rodgers
Pitching: LHP Micah Watson
Batting: LHB Joe Wise 0-0: Foul Ball, location: 2F
0-1: Ball
1-1: Ball
2-1: SINGLE (Groundball, 4S, EV 66.9 MPH) (infield hit)
Batting: RHB Tyler West 0-0: Swinging Strike
0-1: Swinging Strike
0-2: Strikes out swinging
Batting: RHB Rick Pittman 0-0: Ball
1-0: Ball
2-0: Ball
3-0: Called Strike
3-1: Called Strike
3-2: Foul Ball, location: 2F
3-2: Strikes out swinging
Batting: RHB Chris Beckham 0-0: Ball
1-0: Called Strike
1-1: Foul Ball, location: 2F
1-2: Ball
2-2: Foul Ball, location: 2F
2-2: Ground out 4-3 (Groundball, 4, EV 88.1 MPH)
Top of the 9th over - 0 runs, 1 hit, 0 errors, 1 left on base; West Virginia 3 - Los Angeles (NYP) 6
Thursday, December 15th , 2022 - OOTP Baseball 23.9 Build 102